 Dungeon Sprint DCSS version 0.23.2-1-ga50397a (webtiles) character file.

Game seed: 12656963446452779108

6518 Fang the Fighter (level 11, -2/80 HPs)
             Began as a Gargoyle Berserker on Apr 24, 2019.
             Was the Champion of Trog.
             Slain by a purple draconian
             ... wielding a +0 halberd
              (8 damage)
             ... in the Dungeon (Sprint V: "Ziggurat Sprint").
             The game lasted 00:01:52 (633 turns).

Fang the Fighter (Gargoyle Berserker)                Turns: 633, Time: 00:01:52

Health: -2/80      AC: 39    Str: 37    XL:     11   Next: 0%
Magic:  11/11      EV: 13    Int:  7    God:    Trog [******]
Gold:   0          SH:  6    Dex:  9    Spells: 10/10 levels left

rFire    . . .     SeeInvis .   j - +5 executioner's axe (flame)
rCold    . . .     Gourm    .   (shield currently unavailable)
rNeg     + . .     Faith    .   k - +15 Maxwell's patent armour {-Cast -Tele rElec MR+ rCorr}
rPois    ∞         Spirit   .   (no helmet)
rElec    +         Reflect  +   (no cloak)
rCorr    +         Harm     .   (no gloves)
MR       +....     NoTele   +   (no boots) Stlth ..........NoCast +
                                a - +6 amulet of reflection
HPRegen  0.23/turn              D - +6 ring of strength
MPRegen  0.12/turn              E - +6 ring of strength

@: berserk cooldown
A: negative energy resistance 1, electricity resistance, unbreathing,
petrification resistance, rot immunity, AC +8
a: Berserk, Trog's Hand, Brothers in Arms, Renounce Religion


You were in the Dungeon.
You worshipped Trog.
Trog was exalted by your worship.
You were very hungry.

You visited 1 branch

Inventory:

Hand Weapons
 b - the +11 battleaxe "Fikheu" {speed, rPois rF+}
   (You took it off a centaur in the Dungeon)

   Attacks with this weapon are significantly faster.
   It protects you from fire.
   It protects you from poison.
 j - a +5 executioner's axe of flaming (weapon)
Armour
 k - the +15 Maxwell's patent armour (worn) {-Cast -Tele rElec MR+ rCorr}
   (You found it in the Dungeon)

   It insulates you from electricity.
   It affects your resistance to hostile enchantments.
   It prevents spellcasting.
   It prevents most forms of teleportation.
   It provides partial protection from all sources of acid and corrosion.
Jewellery
 a - a +6 amulet of reflection (around neck)
 z - the amulet "Xopp" {+Rage rF+}
   (You found it in the Dungeon)

   [amulet of rage]

   It protects you from fire.
   It lets you go berserk.
 A - the amulet "Ojingein" {Inacc rN+ Str-4 Int+7}
   (You found it in the Dungeon)

   [amulet of inaccuracy]

   It reduces the accuracy of all your attacks.
   It affects your strength (-4).
   It affects your intelligence (+7).
   It protects you from negative energy.
 B - an uncursed ring of protection from cold
 D - a +6 ring of strength (left hand)
 E - a +6 ring of strength (right hand)
Wands
 w - a wand of disintegration (7)
 x - a wand of iceblast (7)
 y - a wand of acid (7)
Scrolls
 i - 4 scrolls of blinking
 l - 7 scrolls of fog
 m - a scroll of holy word
 n - 5 scrolls of identify
 o - 5 scrolls of remove curse
 p - 2 scrolls of fear
Potions
 d - 10 potions of curing
 e - 10 potions of heal wounds
 f - 6 potions of haste
 g - 7 potions of magic
 h - 3 potions of berserk rage
 q - 2 potions of brilliance
 r - 2 potions of invisibility
 s - 4 potions of resistance
 t - a potion of experience
 u - 5 potions of agility
 v - 5 potions of might
Comestibles
 c - 7 rations
 C - 20 chunks of flesh


   Skills:
 + Level 14.1 Fighting
 + Level 12.1 Axes
 + Level 13.9 Armour
 + Level 11.1 Dodging


You had 10 spell levels left.
You didn't know any spells.
Your spell library was empty.

Dungeon Overview and Level Annotations

Branches:
Dungeon (1/1)

Altars:
Ashenzari
Cheibriados
Dithmenos
Elyvilon
Fedhas
Gozag
Hepliaklqana
Kikubaaqudgha
Makhleb
Nemelex Xobeh
Okawaru
Qazlal
Ru
Sif Muna
Trog
Uskayaw
Vehumet
Wu Jian
Xom
Yredelemnul
Zin
The Shining One
Beogh
Jiyva
Lugonu

Annotations:
D 1 transporter


Innate Abilities, Weirdness & Mutations

You are resistant to torment.
Your stone body is resilient. (AC +8)
You are immune to poison.
You resist negative energy. (rN+)
You are resistant to electric shocks. (rElec)
You can survive without breathing.
You are immune to petrification.
You are immune to rotting.


Message History

You kill the draconian!
Trog accepts your kill.
You have reached level 11!
You are no longer berserk.
You are exhausted.
You feel yourself slow down.
The purple draconian breathes dispelling energy at you.
The bolt of dispelling energy hits you!
Your magical effects are unravelling.
* * * LOW HITPOINT WARNING * * *
You see here a +1 eveningstar of holy wrath.
You closely miss the purple draconian.
You feel yourself speed up.
The purple draconian breathes dispelling energy at you.
The bolt of dispelling energy hits you!
* * * LOW HITPOINT WARNING * * *
The purple draconian hits you but does no damage.
Your Maxwell's patent armour prevents you from hitting the purple draconian.
The purple draconian hits you with a +0 halberd!
You die...

▓.▓....▓.▓........▓
▓...©....▓...©....▓
▓▓▓▓▓▓▓▓▓▓▓▓▓▓▓▓▓▓▓
▓...8©8...▓..8©8..▓
▓...=::...▓..)}"..▓
▓...[:|...▓...=...▓
▓.........▓.......▓
▓...d.....▓.......▓
▓...@)†...▓.......▓
▓...).)...▓...)...▓
▓.▓.....▓.▓.▓...▓.▓
▓....©....▓...©...▓
▓▓▓▓▓▓▓▓▓▓▓▓▓▓▓▓▓▓▓
▓..8©8..▓ ▓...[)..▓
▓.(.)((.▓ ▓..)))..▓


You could see a purple draconian.

Vanquished Creatures
  A black draconian (D)
  A red draconian (D)
  4 draconians (D)
  A cyclops (D)
  A smoke demon (D)
  2 yaktaurs (D)
  3 ice devils (D)
  A ynoxinul (D)
  4 insubstantial wisps (D)
  An eye of draining (D)
  2 phantoms (D)
  3 centaurs (D)
  3 scorpions (D)
  A jelly (D)
  An iguana (D)
  2 river rats (D)
  A shadow imp (D)
  An adder zombie (D)
  A bat zombie (D)
  2 jackals (D)
36 creatures vanquished.

Notes
Turn   | Place    | Note
-------+----------+-------------------------------------------
     0 | D        | Found the +6 Majin-Bo {vamp, Archmagi MP+6 Int+6}
     0 | D        | Found the +7 great mace "Firestarter" {inner flame, rF++}
     0 | D        | Fang the Gargoyle Berserker began the quest for the Orb.
     0 | D        | Reached XP level 1. HP: 14/14 MP: 1/1
     1 | D        | Found a blossoming altar of Fedhas.
     2 | D        | Found a viscous altar of Jiyva.
     2 | D        | Found a transporter.
     2 | D        | Found a hazy altar of Hepliaklqana.
     2 | D        | Found an ancient bone altar of Kikubaaqudgha.
     2 | D        | Found an opulent altar of Gozag.
     2 | D        | Found a corrupted altar of Lugonu.
    10 | D        | Found a burning altar of Makhleb.
    12 | D        | Found a stormy altar of Qazlal.
    12 | D        | Found an iron altar of Okawaru.
    12 | D        | Found a sacrificial altar of Ru.
    12 | D        | Found a sparkling altar of Nemelex Xobeh.
    12 | D        | Found a deep blue altar of Sif Muna.
    12 | D        | Found a bloodstained altar of Trog.
    18 | D        | Found the +9 heavy crossbow "Sniper" {velocity, Acc+∞ SInv}
    18 | D        | Found the +10 dark maul {crush}
    18 | D        | Found the +15 Maxwell's patent armour {-Cast -Tele rElec
                  | MR+ rCorr}
    18 | D        | Found the +18 shield of the Gong {rElec rN+ MR+ EV-5}
    18 | D        | Found the cursed +14 obsidian axe {chop, +Fly SInv *Curse}
    70 | D        | Entered arena 2.
    70 | D        | Noticed a jelly
    70 | D        | Noticed an eye of draining
    70 | D        | Found a transporter.
    72 | D        | Killed a jelly
    72 | D        | Reached skill level 4 in Fighting
    72 | D        | Reached XP level 2. HP: 20/20 MP: 2/2
    72 | D        | Reached XP level 3. HP: 24/24 MP: 3/3
    73 | D        | Killed an eye of draining
    73 | D        | Reached skill level 6 in Fighting
    73 | D        | Reached skill level 5 in Axes
    73 | D        | Reached skill level 5 in Armour
    73 | D        | Reached XP level 4. HP: 32/32 MP: 4/4
    73 | D        | Reached XP level 5. HP: 36/36 MP: 5/5
   235 | D        | Entered arena 3.
   235 | D        | Found a transporter.
   239 | D        | Reached ** piety under Trog
   239 | D        | Reached skill level 7 in Fighting
   239 | D        | Reached skill level 5 in Dodging
   242 | D        | Reached XP level 6. HP: 44/44 MP: 6/6
   247 | D        | Entered arena 4.
   247 | D        | Noticed a phantom
   247 | D        | Noticed a phantom
   247 | D        | Found a transporter.
   253 | D        | Killed a phantom
   253 | D        | Reached *** piety under Trog
   253 | D        | Reached skill level 8 in Fighting
   254 | D        | Killed a phantom
   254 | D        | Reached XP level 7. HP: 50/50 MP: 7/7
   267 | D        | Entered arena 5.
   267 | D        | Noticed an insubstantial wisp
   267 | D        | Noticed an insubstantial wisp
   267 | D        | Noticed an insubstantial wisp
   267 | D        | Noticed an insubstantial wisp
   267 | D        | Found a transporter.
   269 | D        | Killed an insubstantial wisp
   269 | D        | Reached **** piety under Trog
   269 | D        | Reached skill level 9 in Fighting
   270 | D        | Killed an insubstantial wisp
   272 | D        | Killed an insubstantial wisp
   279 | D        | Killed an insubstantial wisp
   279 | D        | Reached skill level 10 in Fighting
   279 | D        | Reached XP level 8. HP: 56/57 MP: 8/8
   286 | D        | Entered arena 6.
   286 | D        | Found a transporter.
   289 | D        | Reached ***** piety under Trog
   298 | D        | Got the amulet "Xopp" {+Rage rF+}
   302 | D        | Entered arena 7.
   302 | D        | Noticed a ynoxinul
   302 | D        | Noticed an ice devil
   302 | D        | Noticed an ice devil
   302 | D        | Noticed a smoke demon
   302 | D        | Noticed an ice devil
   303 | D        | Found a transporter.
   307 | D        | Killed a ynoxinul
   307 | D        | Reached skill level 10 in Armour
   308 | D        | Killed an ice devil
   310 | D        | Killed an ice devil
   310 | D        | Received a gift from Trog
   310 | D        | Reached skill level 11 in Fighting
   312 | D        | Killed a smoke demon
   312 | D        | Reached XP level 9. HP: 55/64 MP: 9/9
   314 | D        | Killed an ice devil
   314 | D        | Reached skill level 10 in Axes
   540 | D        | Entered arena 8.
   540 | D        | Noticed a yaktaur
   540 | D        | Noticed a yaktaur
   540 | D        | Noticed a cyclops
   541 | D        | Found the +4 robe of Augmentation {Str+4 Int+4 Dex+4}
   541 | D        | Identified the +11 battleaxe "Fikheu" {speed, rPois rF+}
   541 | D        | Found a transporter.
   549 | D        | Killed a yaktaur
   549 | D        | Reached skill level 12 in Fighting
   550 | D        | Killed a cyclops
   550 | D        | Received a gift from Trog
   551 | D        | Killed a yaktaur
   551 | D        | Reached XP level 10. HP: 41/72 MP: 10/10
   556 | D        | Got the amulet "Ojingein" {Inacc rN+ Str-4 Int+7}
   612 | D        | Entered arena 9.
   612 | D        | Noticed a draconian
   612 | D        | Noticed a draconian
   612 | D        | Noticed a purple draconian
   612 | D        | Noticed a draconian
   612 | D        | Noticed a draconian
   612 | D        | Noticed a red draconian
   612 | D        | Noticed a black draconian
   613 | D        | Found a transporter.
   618 | D        | Killed a red draconian
   618 | D        | Reached skill level 13 in Fighting
   618 | D        | Reached skill level 10 in Dodging
   620 | D        | Killed a draconian
   620 | D        | Reached ****** piety under Trog
   620 | D        | Killed a draconian
   621 | D        | Killed a black draconian
   625 | D        | Killed a draconian
   625 | D        | Reached skill level 14 in Fighting
   630 | D        | Killed a draconian
   630 | D        | Reached XP level 11. HP: 58/80 MP: 11/11
   633 | D        | Slain by a purple draconian

Skill      XL: |  1  2  3  4  5  6  7  8  9 10 |
---------------+-------------------------------+-----
Fighting       | 4 6 7 8 10 11 12 14 | 14.1
Axes           | 3 5 6 7 8 9 10 12 | 12.1
Armour         | 4 5 7 8 9 11 12 13 | 13.9
Dodging        | 2 4 5 6 7 8 9 11 | 11.1

Action                   |  1- 3 |  4- 6 |  7- 9 | 10-12 || total
-------------------------+-------+-------+-------+-------++-------
Melee: Executioner's axe |     2 |    11 |    26 |    17 ||    56
Invok: Berserk           |     1 |       |     2 |     1 ||     4
       Trog's Hand       |       |       |     1 |       ||     1
  Use: Scroll            |       |     1 |     1 |       ||     2
  Eat: Chunk             |       |       |     1 |     1 ||     2
Armor: Plate armour      |       |    19 |    32 |    10 ||    61
Dodge: Dodged            |       |    10 |    24 |     9 ||    43
Block: Other             |       |       |    15 |     9 ||    24
       Reflection        |       |       |     3 |       ||     3
